 Dungeon Crawl Stone Soup version 0.20.2-3-g29329e0561 (webtiles) character file.

1306 Alfie the Carver (level 8, -5/70 HPs)
             Began as a Minotaur Fighter on Nov 9, 2020.
             Slain by a centaur (6 damage)
             ... on level 5 of the Dungeon.
             The game lasted 00:08:20 (2940 turns).

Alfie the Carver (Minotaur Fighter)                 Turns: 2940, Time: 00:08:22

Health: -5/70      AC:  8    Str: 31    XL:     8   Next: 32%
Magic:  7/7        EV:  9    Int:  5    God:
Gold:   232        SH: 11    Dex: 10    Spells: 6/7 levels left

rFire    . . .     SeeInvis .   a - +0 long sword
rCold    . . .     Gourm    .   c - +0 shield
rNeg     . . .     Faith    .   b - +1 scale mail
rPois    .         Spirit   .   (helmet restricted)
rElec    .         Reflect  .   (no cloak)
rCorr    .         Harm     .   (no gloves)
MR       .....                  (no boots)
Stlth    ..........             (no amulet)
Regen    0.3/turn               m - +3 ring of strength
MPRegen  0.1/turn               (no ring)

@: mighty
A: retaliatory headbutt, horns 2
a: no special abilities


You were on level 5 of the Dungeon.
You were not hungry.

You visited 1 branch of the dungeon, and saw 5 of its levels.

You collected 232 gold pieces.

Inventory:

Hand Weapons
 a - a +0 long sword (weapon)
Missiles
 p - 4 tomahawks (quivered)
Armour
 b - a +1 scale mail (worn)
 c - a +0 shield (worn)
Jewellery
 m - a +3 ring of strength (left hand)
 s - a +5 ring of dexterity
Wands
 v - a wand of paralysis (8/24)
Scrolls
 e - a scroll of recharging
 g - a scroll of remove curse
Potions
 h - a potion of mutation {unknown}
 i - a potion of haste {unknown}
 j - a potion of invisibility {unknown}
 l - a potion of heal wounds {unknown}
 o - a potion of brilliance {unknown}
 r - a potion of curing
 t - a potion of agility {unknown}
 u - a potion of lignification {unknown}
Books
 w - a book of Maledictions

   Spells                             Type                      Level
   a - Corona                         Hexes                        1
   b - Ensorcelled Hibernation        Hexes/Ice                    2
   c - Confuse                        Hexes                        3
   d - Tukima's Dance                 Hexes                        3
   e - Dazzling Spray                 Conjuration/Hexes            3
Comestibles
 f - 4 bread rations
 k - 2 meat rations
 n - 3 royal jellies
 q - 3 fruits


   Skills:
 + Level 5.8 Fighting
 + Level 8.2 Long Blades
 + Level 6.7 Armour
 + Level 2.2 Dodging
 + Level 0.6 Stealth
 + Level 5.9 Shields


You had 6 spell levels left.
You knew the following spells:

 Your Spells              Type           Power        Failure   Level  Hunger
a - Corona                Hex            #......      97%         1    ##.....


Dungeon Overview and Level Annotations

Branches:
Dungeon (5/15)
 Temple: D:4-7

Altars:
Elyvilon
Trog
Vehumet


Innate Abilities, Weirdness & Mutations

You reflexively headbutt those who attack you in melee.
You have a pair of horns on your head.


Message History

You block the orc priest's attack. The centaur hits you.
* * * LOW HITPOINT WARNING * * *
The orc priest hits you but does no damage.
The centaur hits you but does no damage.
You slash the orc priest! You headbutt the orc priest.
You kill the orc priest!
You block the centaur's attack.
The centaur hits you but does no damage.
The iguana bites you but does no damage.
You completely miss the iguana. You headbutt the iguana!
You kill the iguana!
The centaur barely misses you. You block the centaur's attack.
You block the worker ant zombie's attack.
You slice the worker ant zombie!!
The worker ant zombie is severely damaged.
You feel yourself speed up. The centaur hits you.
* * * LOW HITPOINT WARNING * * *
The centaur hits you.
You die...

..#..# ..#..# .....+ ....
....#### ### .... ##.... +..
..+ ..c.. ###...# #.###.#
..... #.....# #.....# ).....
#..<######...)c######......
#..)..#......@ZZ..#........
#[........#####.(.((.......
#....#.....#....(..........
####....'....[#########..../..
........#......# .......
........#........ .......
........#......... .......
........#..#####.. .......
........#..#[[$#. .o.....


You could see a centaur and 2 worker ant zombies.

Vanquished Creatures
  Sigmund (D:2)
  The ghost of Alfie the Shield-Bearer, an amateur MiFi (D:4)
  Edmund (D:4)
  An ice beast (D:3)
  The ghost of Alfie the Skirmisher, an amateur MiFi (D:3)
  A phantom (D:4)
  A centaur (D:5)
  A howler monkey (D:4)
  A crimson imp (D:5)
  2 hounds (D:4)
  2 orc priests
  4 orc wizards
  2 iguanas (D:5)
  A worker ant (D:5)
  3 adders
  An adder skeleton (D:4)
  A worm (D:2)
  2 dart slugs (D:1)
  3 leopard geckos
  20 orcs
  3 ball pythons
  2 giant cockroaches
  14 goblins
  11 hobgoblins
  6 jackals
  4 bats
  8 frilled lizards
  12 kobolds
  6 rats
116 creatures vanquished.

Notes
Turn   | Place    | Note
-------+----------+-------------------------------------------
     0 | D:1      | Alfie the Minotaur Fighter began the quest for the Orb.
     0 | D:1      | Reached XP level 1. HP: 19/19 MP: 0/0
   130 | D:1      | Reached XP level 2. HP: 9/27 MP: 1/1
   354 | D:1      | Reached skill level 3 in Long Blades
   586 | D:1      | Reached XP level 3. HP: 33/33 MP: 2/2
  1071 | D:2      | Noticed Sigmund
  1088 | D:2      | Killed Sigmund
  1088 | D:2      | Reached skill level 4 in Long Blades
  1088 | D:2      | Reached skill level 1 in Dodging
  1088 | D:2      | Reached XP level 4. HP: 6/41 MP: 3/3
  1088 | D:2      | Reached XP level 5. HP: 7/47 MP: 4/4
  1090 | D:2      | HP: 2/70 [poisoned by Sigmund]
  1602 | D:3      | Reached skill level 5 in Armour
  1667 | D:3      | Noticed an ice beast
  1675 | D:3      | Killed an ice beast
  1675 | D:3      | Reached skill level 5 in Long Blades
  1675 | D:3      | Reached XP level 6. HP: 52/55 MP: 5/5
  1686 | D:3      | Found a white marble altar of Elyvilon.
  1686 | D:3      | Found a bloodstained altar of Trog.
  1686 | D:3      | Found a radiant altar of Vehumet.
  1901 | D:3      | Found a faded altar of an unknown god.
  1913 | D:3      | Noticed Alfie's ghost (amateur MiFi)
  1939 | D:3      | Killed Alfie's ghost
  1939 | D:3      | Reached skill level 5 in Fighting
  1939 | D:3      | Reached skill level 5 in Shields
  2306 | D:4      | Noticed Alfie's ghost (amateur MiFi)
  2322 | D:4      | Killed Alfie's ghost
  2322 | D:4      | Reached skill level 6 in Long Blades
  2322 | D:4      | Reached XP level 7. HP: 45/61 MP: 6/6
  2378 | D:4      | Noticed Edmund
  2396 | D:4      | Killed Edmund
  2537 | D:4      | Reached skill level 7 in Long Blades
  2640 | D:4      | Learned a level 1 spell: Corona
  2755 | D:4      | Reached XP level 8. HP: 55/69 MP: 7/7
  2835 | D:5      | Entered Level 5 of the Dungeon
  2881 | D:5      | Reached skill level 8 in Long Blades
  2937 | D:5      | HP: 3/70 [centaur (3)]
  2940 | D:5      | HP: 1/70 [centaur (3)]
  2940 | D:5      | Slain by a centaur

Skill      XL: |  1  2  3  4  5  6  7  8 |
---------------+-------------------------+-----
Armour         | 4 5 6 |  6.7
Long Blades    | 3 4 5 6 7 8 |  8.2
Fighting       | 4 5 |  5.8
Dodging        | 1 2 |  2.2
Shields        | 4 5 |  5.9
Stealth        | |  0.6

Action                   |  1- 3 |  4- 6 |  7- 9 || total
-------------------------+-------+-------+-------++-------
Melee: Long sword        |    85 |   133 |    99 ||   317
       Headbutt          |    14 |    25 |    20 ||    59
  Use: Scroll            |     2 |       |     5 ||     7
       Potion            |     1 |     1 |     2 ||     4
  Eat: Bread ration      |     1 |       |       ||     1
       Fruit             |       |       |     3 ||     3
Armor: Scale mail        |    45 |    52 |    42 ||   139
Dodge: Dodged            |    17 |    46 |    30 ||    93
Block: Shield            |    39 |    76 |    52 ||   167
       Rpst.: Long sword |     4 |    18 |     5 ||    27
